AoeStats
← Nerwerder

Pilgrims

508261152Analyzed
2v2 RM · 10d ago on Sep 21, 2026· 46m 24s· 4 players
Game mode
Random Map
Map size
Medium (4 player)
Population
200
Speed
Normal
Resources
Standard
Victory
Conquest
Starting age
Dark Age
Ending age
Imperial Age
RankedLock teamsTeams togetherTeam positionsShared explorationLock speedFull tech treeHidden civsTurbo modeCheats
Victory
Defeat
🇳🇿 Armenians · New Zealand
1389
+11
🇺🇸 Burgundians · United States
1329
+13
🇩🇪 Lithuanians · Germany
1279
-12
🇩🇪 Japanese · Germany
1278
-12
Tin
7:09 Loom
9:53 Feudal Age
8:57 Double-Bit Axe
24:08 Castle Age
22:48 Fishing Lines
23:49 Scale Mail Armor
24:00 Forging
24:27 Pikeman
26:24 Chain Mail Armor
26:20 Scale Barding Armor
25:37 Cavalier
29:03 Iron Casting
29:02 Bow Saw
29:40 Wheelbarrow
29:48 Horse Collar
30:34 Heavy Plow
34:23 Chain Barding Armor
34:07 Husbandry
34:54 Gold Mining
39:46 Imperial Age
37:54 Hand Cart
39:47 Paladin
41:21 Plate Barding Armor
41:47 Blast Furnace
squeegee
5:54 Loom
9:55 Feudal Age
11:07 Man-at-Arms
12:07 Long Swordsman
13:12 Scale Mail Armor
14:29 Arson
15:11 Forging
23:17 Castle Age
23:28 Two-Handed Swordsman
23:53 Gambesons
24:09 Squires
24:50 Chain Mail Armor
24:24 Pikeman
27:36 Fishing Lines
31:19 Wheelbarrow
31:27 Double-Bit Axe
31:30 Horse Collar
32:36 Champion
35:14 Iron Casting
39:48 Hand Cart
42:50 Halberdier
Eichhörnchen
8:45 Loom
11:04 Feudal Age
15:19 Castle Age
16:28 Medium Warships
16:26 Double-Bit Axe
21:45 Man-at-Arms
22:27 Squires
22:36 Long Swordsman
23:41 Scale Mail Armor
23:51 Forging
25:04 Horse Collar
27:42 Fletching
31:06 Wheelbarrow
32:58 Chain Mail Armor
32:21 Pikeman
35:57 Gambesons
36:42 Arson
38:24 Hand Cart
38:40 Heavy Plow
40:45 Bodkin Arrow
Nerwerder
5:47 Loom
10:03 Feudal Age
10:47 Double-Bit Axe
11:54 Horse Collar
17:10 Castle Age
15:50 Scale Barding Armor
16:14 Forging
18:50 Bloodlines
20:05 Fletching
22:41 Wheelbarrow
26:11 Town Watch
27:19 Fishing Lines
28:46 Heavy Plow
30:01 Husbandry
31:08 Iron Casting
31:49 Bodkin Arrow
34:02 Murder Holes
35:20 Chain Barding Armor
35:59 Town Patrol
39:54 Imperial Age
38:01 Masonry
38:26 Gold Mining
38:26 Stone Mining
39:18 Bow Saw
41:18 Plate Barding Armor
40:25 Cavalier
Connection lost

Rejoining the realm…

Still unreachable

The connection could not be restored.

Session expired

The server has moved on; the page needs a fresh start.